 Dungeon Crawl Stone Soup version 0.31-a0-198-g2ad674f65e (webtiles) character file.

Game seed: 7105815752301809676

44 qw the Shooter (level 3, -1/20 HPs)
             Began as a Deep Elf Hunter on June 25, 2023.
             Slain by a hobgoblin (5 damage)
             ... on level 2 of the Dungeon.
             The game lasted 00:00:21 (834 turns).

qw the Shooter (Deep Elf Hunter)                     Turns: 834, Time: 00:00:21

Health: -1/20      AC:  6    Str: 10    XL:     3   Next: 41%
Magic:  5/5        EV: 11    Int: 13    God:
Gold:   97         SH:  0    Dex: 18    Spells: 2/2 levels left

rFire   . . .        a - +0 shortbow
rCold   . . .        (shield currently unavailable)
rNeg    . . .        f - +0 ring mail
rPois   .            h - +0 helmet
rElec   .            (no cloak)
rCorr   .            (no gloves)
SInv    .            (no boots)
Will    .....        (no amulet)
Stlth   +            (no ring)
HPRegen 0.23/turn    (no ring)
MPRegen 0.09/turn

%: no passive effects
@: no status effects
A: no striking features
a: no special abilities


You were on level 2 of the Dungeon.
You visited 1 branch of the dungeon, and saw 2 of its levels.

You collected 97 gold pieces.


   Skills:
 - Level 1.5 Fighting
 + Level 7.0 Ranged Weapons
 - Level 2.4 Dodging
 - Level 1.2 Stealth


You had 2 spell levels left.
You didn't know any spells.
Your spell library was empty.

Inventory:

Hand Weapons
 a - a +0 shortbow (weapon)
Armour
 f - a +0 ring mail (worn)
 h - a +0 helmet (worn)
Scrolls
 c - a scroll of revelation {unknown}
 i - a scroll of amnesia {unknown}
 j - a scroll of teleportation {unknown}
Potions
 b - a potion of degeneration {unknown}
 d - a potion of lignification {unknown}
 e - 3 potions of curing
 g - a potion of might {unknown}

Dungeon Overview and Level Annotations

Branches:
Dungeon (2/15)

Altars:

Shops:
D:1 [

Annotations:
D:2 Robin


Message History

You shoot an arrow. The arrow hits the goblin!
You kill the goblin!
The hobgoblin hits you but does no damage.
The goblin hits you with a +0 club.
Robin of the Strong Arm comes into view.
They are wielding a +0 dagger.
Your Ranged Weapons skill increases to level 7!
You shoot an arrow.
The arrow hits the hobgoblin but does no damage.
The hobgoblin hits you. The goblin hits you but does no damage.
You shoot an arrow. The arrow hits the hobgoblin.
The hobgoblin is severely wounded.
The hobgoblin hits you but does no damage.
The goblin hits you with a +0 club.
You shoot an arrow.
The arrow hits the hobgoblin but does no damage.
The hobgoblin is severely wounded.
The hobgoblin hits you but does no damage.
The goblin barely misses you.
You shoot an arrow. The arrow barely misses the hobgoblin.
Robin roars a battlecry!
The goblins go into a battle-frenzy!
The hobgoblin closely misses you. The goblin hits you with a +0 club.
You shoot an arrow. The arrow barely misses the hobgoblin.
The hobgoblin hits you but does no damage.
The hobgoblin misses you.
A rat comes into view.
The goblin barely misses you.
You shoot an arrow. The arrow hits the hobgoblin.
The hobgoblin is almost dead.
A goblin comes into view. It is wielding a +0 dagger.
A goblin comes into view. It is wielding a +0 club.
The hobgoblin closely misses you.
Robin roars a battlecry!
The goblins go into a battle-frenzy!
You shoot an arrow. The goblin shouts!
The arrow hits the hobgoblin but does no damage.
The hobgoblin is almost dead.
The hobgoblin hits you.
You die...

:.#.#.#.######...#....
.. ...#...# ##......##
#.. #.#.#.## ##....##..#
#.##...#..###..#.).##.#
.g..#.#.###..##....#..
.###.##...#...###.#..##.
g.r..ggg#.##### #.##.##.
##.###g##..# #.......
....).g@..## #.......
.###.###.## #....... ..#
### #.###.## #. .. #.#
#.## #..# ##.# #..#
#...####..# ##.#
#....#.## #.# #>..# #.#
#.### ###.#


You could see Robin, a hobgoblin (strong), 5 goblins and a rat.

Vanquished Creatures
  An adder (D:2)
  A ball python (D:2)
  6 endoplasms
  A giant cockroach (D:1)
  5 goblins
  A hobgoblin (D:1)
  3 quokkas
  5 bats
  A frilled lizard (D:1)
  4 kobolds
  3 rats
31 creatures vanquished.

Notes
Turn   | Place    | Note
-------+----------+-------------------------------------------
     0 | D:1      | qw the Deep Elf Hunter began the quest for the Orb.
     0 | D:1      | Reached XP level 1. HP: 12/12 MP: 3/3
     0 | D:1      | 0 ||| qw: Version: 0.3-a-22-g0ed2b0b
     0 | D:1      | 0 ||| qw: Game counter: 5284
     0 | D:1      | 0 ||| qw: Melee chars always use a shield: true
     0 | D:1      | 0 ||| qw: God list: Okawaru
     0 | D:1      | 0 ||| qw: Allow faded altars: false
     0 | D:1      | 0 ||| qw: Do Orc after clearing Dungeon:15 true
     0 | D:1      | 0 ||| qw: Do second Lair branch before Depths: true
     0 | D:1      | 0 ||| qw: Lair rune preference: random
     0 | D:1      | 0 ||| qw: Goals: Normal
     0 | D:1      | 0 ||| PLANNING D:1-11
   172 | D:1      | Reached XP level 2. HP: 16/16 MP: 4/4
   258 | D:1      | Reached skill level 6 in Ranged Weapons
   337 | D:1      | Found Getefoew's Antique Armour Shoppe.
   349 | D:1      | 349 ||| SHOPLISTING glowing hat (189 gold, have 70).
   349 | D:1      | 349 ||| SHOPLISTING glowing scale mail (189 gold, have 70).
   349 | D:1      | 349 ||| SHOPLISTING runed ring mail (189 gold, have 70).
   537 | D:1      | 537 ||| UPGRADING to +0 ring mail.
   547 | D:1      | 547 ||| DROPPING +0 leather armour.
   548 | D:1      | 548 ||| DRINKING 4 fizzy clear potions.
   549 | D:1      | 549 ||| DROPPING scroll of butterflies.
   771 | D:2      | Reached XP level 3. HP: 20/20 MP: 5/5
   813 | D:2      | 813 ||| UPGRADING to +0 helmet.
   827 | D:2      | Noticed Robin
   828 | D:2      | Reached skill level 7 in Ranged Weapons
   831 | D:2      | HP: 3/20 [goblin/+0 club[Robin] (4)]
   834 | D:2      | Slain by a hobgoblin

Levels and vault maps discovered:
D:1:      ncdulo_watergridlock, layout_basic, serial_shops, nicolae_square_shop,
          minmay_misc_feat_more_columns
D:2:      layout_rooms, nicolae_concentric_dashed_squares_mild,
          minmay_misc_feat_alley, chequers_garden, uniq_robin

Skill      XL: |  1  2  3 |
---------------+----------+-----
Ranged Weapons | 6 7 |  7.0
Fighting       | |  1.5
Dodging        | |  2.4
Stealth        | |  1.2

Action                     || total
---------------------------++-------
   Fire: Shortbow          ||    73
    Use: Potion            ||     1
 Armour: Leather armour    ||     3
         Ring mail         ||    11
  Dodge: Dodged            ||    18

Table legend:
 A = Non-vault XP
 B = Vault XP
 C = Vault XP percentage of total XP
 D = Non-vault monster count
 E = Vault monster count
 F = Vault count percentage of total count
                 A         B        C        D         E       F
            +---------+---------+-------+---------+---------+-------
      Total |      56 |       8 |  12.5 |      27 |       4 |  12.9
            +---------+---------+-------+---------+---------+-------
        D:1 |      27 |       0 |   0.0 |      17 |       0 |   0.0
        D:2 |      29 |       8 |  21.6 |      10 |       4 |  28.6
            +---------+---------+-------+---------+---------+-------
